 Dungeon Crawl Stone Soup version 0.30-a0-341-g682706514a (webtiles) character file.

Game seed: 6921166789391023683

690 retardedninja the Trooper (level 7, -5/63 HPs)
             Began as a Hill Orc Fighter on Nov 3, 2022.
             Slain by an ogre
             ... wielding a +0 giant spiked club
              (17 damage)
             ... on level 4 of the Dungeon.
             The game lasted 00:06:00 (4070 turns).

retardedninja the Trooper (Hill Orc Fighter)        Turns: 4070, Time: 00:06:00

Health: -5/63      AC: 10    Str: 21    XL:     7   Next: 63%
Magic:  7/7        EV:  7    Int:  8    God:
Gold:   252        SH:  5    Dex: 10    Spells: 6/6 levels left

rFire   . . .      SeeInvis .    a - +0 war axe
rCold   . . .      Faith    .    c - +0 buckler
rNeg    . . .      Spirit   .    f - +0 chain mail
rPois   .          Reflect  .    (no helmet)
rElec   .          Harm     .    (no cloak)
rCorr   .          Rampage  .    (no gloves)
Will    .....                    (no boots)
Stlth   ..........               (no amulet)
HPRegen 0.30/turn                (no ring)
MPRegen 0.10/turn                (no ring)

@: about to teleport, attractive
A: no striking features
a: no special abilities


You were on level 4 of the Dungeon.
You visited 1 branch of the dungeon, and saw 4 of its levels.

You collected 252 gold pieces.

Inventory:

Hand Weapons
 a - a +0 war axe (weapon)
Armour
 c - a +0 buckler (worn)
 f - a +0 chain mail (worn)
Wands
 b - a wand of flame (27) (quivered)
 j - a wand of acid (9)
Scrolls
 i - a scroll of identify {unknown}
Potions
 h - a potion of attraction


   Skills:
 + Level 6.0 Fighting
 + Level 6.0 Axes
 + Level 5.5 Armour
 + Level 5.5 Shields


You had 6 spell levels left.
You didn't know any spells.
Your spell library contained the following spells:

 Spells                   Type           Power      Damage    Failure   Level
 Beastly Appendage        Tmut           0%         N/A       99%         1
 Wereblood                Tmut           0%         N/A       100%        2
 Gell's Gravitas          Tloc           0%         N/A       100%        3
 Inner Flame              Hex/Fire       0%         N/A       100%        3
 Lesser Beckoning         Tloc           0%         N/A       100%        3
 Spider Form              Tmut/Pois      0%         N/A       100%        3
 Teleport Other           Tloc           0%         N/A       100%        3
 Tukima's Dance           Hex            0%         N/A       100%        3
 Cause Fear               Hex            0%         N/A       100%        4
 Passage of Golubria      Tloc           0%         N/A       100%        4
 Yara's Violent Unravell  Hex/Tmut       0%         3d3       100%        5
 Discord                  Hex            0%         N/A       100%        8


Dungeon Overview and Level Annotations

Branches:
Dungeon (4/15)
 Temple: D:4-7

Altars:
Elyvilon

Shops:
D:2 (


Message History

The endoplasm quivers.
You slash the ball python!
You kill the ball python!
You hit the plant. You hit the ogre.
The ogre is lightly wounded.
You hit the plant.
A nearby plant withers and dies.
An adder comes into view.
The ogre hits you with a +0 giant spiked club!!
The adder hisses angrily.
You hit the ogre but do no damage. The ogre barely misses you.
You hit the ogre.
The ogre is lightly wounded.
The ogre hits you with a +0 giant spiked club!!
* * * LOW HITPOINT WARNING * * *
You are too injured to fight recklessly!
You are too injured to fight recklessly!
You are too injured to fight recklessly!
You are too injured to fight recklessly!
You are too injured to fight recklessly!
You are too injured to fight recklessly!
You are too injured to fight recklessly!
You are too injured to fight recklessly!
You are too injured to fight recklessly!
Unknown command.
It was a potion of attraction.
You feel attractive to monsters. The endoplasm is attracted toward you.
Okay, then.
As you read the scroll labelled WEPSOM JUNY, it crumbles to dust.
The creatures around you are filled with an inner flame!
It was a scroll of immolation.
The ogre barely misses you. The endoplasm hits you.
* * * LOW HITPOINT WARNING * * *
The adder bites you but does no damage.
As you read the scroll labelled QEROZ HELIL, it crumbles to dust.
You feel strangely unstable.
It was a scroll of teleportation.
The adder barely misses you.
The ogre hits you with a +0 giant spiked club!
You die...

#.# #.#
#.###############
#...............#
.
###############.#
.. #####.####...
###...§........
.!.....OJ.......
####.###@.P.####
# #.S.†....P.
#...#.#..P...
......#.#.P!...
###.# #.#.P....
... #.. ..... ...
#.. ..... ## #.#
#..#


You could see an ogre (inner flame), an adder (inner flame) and an endoplasm
(inner flame).

Vanquished Creatures
  Grinder (D:3)
  A phantom (D:2)
  A hound (D:3)
  2 orc priests (D:3)
  Ijyb (D:3)
  Terence (D:2)
  Natasha (D:2)
  2 orc wizards (D:3)
  Robin (D:2)
  6 gnolls (D:2)
  4 adders
  2 shadow imps (D:3)
  A worm (D:2)
  A dart slug (D:1)
  7 orcs (D:3)
  4 bats
  5 endoplasms
  A giant cockroach (D:2)
  19 goblins
  7 hobgoblins
  4 jackals (D:3)
  3 kobolds
  6 quokkas
  5 ball pythons
  A frilled lizard (D:3)
  6 rats
93 creatures vanquished.

Vanquished Creatures (others)
  55 plants
55 creatures vanquished.

Grand Total: 148 creatures vanquished

Notes
Turn   | Place    | Note
-------+----------+-------------------------------------------
     0 | D:1      | retardedninja the Hill Orc Fighter began the quest for the
                  | Orb.
     0 | D:1      | Reached XP level 1. HP: 19/19 MP: 1/1
   116 | D:1      | Reached XP level 2. HP: 27/27 MP: 2/2
   524 | D:2      | Reached XP level 3. HP: 28/33 MP: 3/3
   578 | D:2      | Noticed a phantom
   638 | D:2      | HP: 1/33 [phantom (2)]
   640 | D:2      | Killed a phantom
   641 | D:2      | Reached XP level 4. HP: 2/41 MP: 4/4
  1017 | D:2      | Found a white marble altar of Elyvilon.
  1029 | D:2      | Reached XP level 5. HP: 28/47 MP: 5/5
  1187 | D:2      | Noticed Robin
  1198 | D:2      | Noticed Terence
  1233 | D:2      | Killed Terence
  1242 | D:2      | Killed Robin
  1500 | D:2      | Reached XP level 6. HP: 48/55 MP: 6/6
  1554 | D:2      | Found Salurraj's Weapon Boutique.
  1602 | D:2      | Reached skill level 5 in Fighting
  1899 | D:2      | Noticed Natasha
  1904 | D:2      | Killed Natasha
  2360 | D:3      | Reached skill level 5 in Axes
  2471 | D:3      | Noticed Ijyb
  2483 | D:3      | Killed Ijyb
  2780 | D:3      | Found a transporter.
  2801 | D:3      | Found a transporter.
  2923 | D:3      | Reached skill level 5 in Shields
  3078 | D:3      | Noticed Grinder
  3085 | D:3      | Paralysed by Grinder for 2 turns
  3090 | D:3      | Killed Grinder
  3091 | D:3      | Reached skill level 5 in Armour
  3091 | D:3      | Reached XP level 7. HP: 37/62 MP: 7/7
  4070 | D:4      | Slain by an ogre

Illustrated notes

Levels and vault maps discovered:
D:1:      lemuel_arrival_behind_the_door_small, layout_basic
D:2:      wad_woods_stonehenge, layout_loops_ring, serial_shops, shop,
          uniq_natasha, uniq_robin, uniq_terence
D:3:      gammafunk_wand_slinger, layout_basic, uniq_grinder, uniq_ijyb
D:4:      cheibrodos_old_hovel, layout_loops_ring

Skill      XL: |  1  2  3  4  5  6  7 |
---------------+----------------------+-----
Axes           | 3 4 5 6 |  6.0
Fighting       | 4 5 6 |  6.0
Armour         | 4 5 |  5.5
Shields        | 4 5 |  5.5

Action                   |  1- 3 |  4- 6 |  7- 9 || total
-------------------------+-------+-------+-------++-------
Melee: War axe           |    66 |   227 |    13 ||   306
Evoke: Wand              |       |       |    16 ||    16
  Use: Potion            |     1 |     5 |     1 ||     7
       Scroll            |       |     2 |     2 ||     4
Armor: Scale mail        |    12 |       |       ||    12
       Chain mail        |    23 |    92 |     2 ||   117
       Skin              |       |    95 |       ||    95
Dodge: Dodged            |    24 |    76 |     5 ||   105
Block: Buckler           |    18 |    48 |     4 ||    70

Table legend: (Time is in decaauts)
 A = Elapsed time spent in this place.
 B = Non-inter-level travel time spent in this place.
 C = Inter-level travel time spent in this place.
 D = Time resting spent in this place.
 E = Time spent auto-exploring this place.
 F = Levels seen in this place.
 G = Mean time per level.
                   A        B        C        D        E       F      G
               +--------+--------+--------+--------+--------+-----+--------+
         Total |   4152 |   4067 |     85 |   1546 |   1762 |   4 | 1038.0 |
       Dungeon |   4152 |   4067 |     85 |   1546 |   1762 |   4 | 1038.0 |
               +--------+--------+--------+--------+--------+-----+--------+

Top non-repeatable levels by time:
     D:3: 1736 daAuts
     D:2: 1686 daAuts
     D:1: 530 daAuts
     D:4: 199 daAuts
